 Dungeon Crawl Stone Soup version 0.31-a0-640-g39d97e502b (webtiles) character file.

Game seed: 5822854223566218904

6 ytrimaz the Ruffian (level 1, 0/15 HPs)
             Began as a Demonspawn Shapeshifter on Aug 28, 2023.
             Slain by an endoplasm (2 damage)
             ... on level 1 of the Dungeon.
             The game lasted 00:00:14 (172 turns).

ytrimaz the Ruffian (Demonspawn Shapeshifter)        Turns: 172, Time: 00:00:15

Health: 0/15       AC:  2    Str: 14    XL:     1   Next: 75%
Magic:  1/1        EV: 12    Int: 11    God:
Gold:   12         SH:  0    Dex: 12    Spells: 0/0 levels left

rFire   . .          .
                       - Unarmed
rCold   . . .        (no shield)
rNeg    . . .        a - +0 animal skin
rPois   .            (helmet currently unavailable)
rElec   .            (cloak currently unavailable)
rCorr   .            (gloves currently unavailable)
SInv    .            (boots currently unavailable)
Will    .....        (no amulet)
Stlth   +            (no ring)
HPRegen 0.22/turn    (no ring)
MPRegen 0.07/turn

%: no passive effects
@: beast-form
A: beast (slay +1)
a: Begin Untransformation


You were on level 1 of the Dungeon.
You were a hulking beast.
You visited 1 branch of the dungeon, and saw 1 of its levels.

You collected 12 gold pieces.


   Skills:
 - Level 1.0 Fighting
 - Level 1.7 Dodging
 + Level 2.9 Unarmed Combat
 + Level 2.8 Shapeshifting


You couldn't memorise any spells.
You didn't know any spells.
Your spell library was empty.

Inventory:

Armour
 a - a +0 animal skin (worn)
Talismans
 c - a beast talisman (active)
 d - a flux talisman
Scrolls
 e - a scroll of vulnerability {unknown}
Potions
 b - a potion of lignification

Dungeon Overview and Level Annotations

Branches:
Dungeon (1/15) Zot: 5827

Altars:

#.......#######.#
##.....#.....##.##
##...#.....#.#..##
#..#######..#...
#.. #..#.. #..
#..#.# ## #..#.#
#†#..# .
##h.#####J..
#####.J##......#
...........#
.####......#
#......# ##.##....
... ...### ....
##.# ..... .#


You could see an endoplasm.


Message History

Found an escape hatch in the floor.
No target in view!
A rat comes into view.
A rat is nearby!
You closely miss the rat. The rat barely misses you.
You completely miss the rat. The rat closely misses you.
You hit the rat.
You kill the rat!
No target in view!
Unknown command.
You see here a rat corpse.
No target in view!
A kobold comes into view. It is wielding a +0 dagger.
You see here 12 gold pieces.
A kobold is nearby!
A kobold is nearby!
You hit the kobold. The kobold hits you but does no damage.
You closely miss the kobold. You punch the kobold.
You kill the kobold!
Things that are here:
a +0 dagger; a kobold corpse No target in view!
Unknown command.
You now have 12 gold pieces.
A bat comes into view.
A bat is nearby!
A bat is nearby!
A bat is nearby!
The bat hits you but does no damage. x2
You closely miss the bat. The bat closely misses you.
The bat barely misses you. The bat hits you. 😕 HP[-1]
You take 1 damage, and now have 14/15 hp.
You closely miss the bat. The bat hits you but does no damage.
Unknown command.
You hit the bat. The bat hits you. 😕 HP[-1]
You take 1 damage, and now have 13/15 hp.
A bat is nearby!
The bat closely misses you.
Unknown command.
The bat misses you. 😕 HP[+1]
A bat is nearby!
You barely miss the bat. The bat barely misses you. The bat closely misses you.
You hit the bat.
You kill the bat!
No target in view!
e - a scroll labelled ROFIOKKOM 😎 HP[+1]
Your hp is fully restored (15).
A goblin comes into view. It is wielding a +0 club.
The goblin shouts!
A frilled lizard comes into view.
There are monsters nearby!
The goblin hits you with a +0 club. 😕 HP[-2]
You take 2 damage, and now have 13/15 hp.
The frilled lizard hisses angrily.
You hit the goblin. The goblin hits you with a +0 club.
An endoplasm comes into view. 😮 HP[-4]
You take 4 damage, and now have 9/15 hp.
MASSIVE DAMAGE!! (PAUSE)
The frilled lizard barely misses you.
Unknown command.
The frilled lizard attacks as it pursues you!
The frilled lizard bites you.
* * * LOW HITPOINT WARNING * * *
😨 HP[-2]
You take 2 damage, and now have 7/15 hp.
The frilled lizard attacks as it pursues you!
The frilled lizard bites you.
* * * LOW HITPOINT WARNING * * *
😨 HP[-1]
You take 1 damage, and now have 6/15 hp.
Unknown command.
You hit the frilled lizard.
You kill the frilled lizard!
The goblin barely misses you.
You see here a frilled lizard corpse.
Unknown command.
You hit the goblin.
You kill the goblin!
The endoplasm closely misses you.
You see here a +0 club. 😨 HP[+1] Unknown command.
You barely miss the endoplasm. The endoplasm freezes you.
You are frozen.
* * * LOW HITPOINT WARNING * * *
😱 HP[-5]
You take 5 damage, and now have 2/15 hp.
MASSIVE DAMAGE!! (PAUSE)
You hit the endoplasm but do no damage.
The endoplasm hits you but does no damage.
You completely miss the endoplasm. The endoplasm hits you.
You die...

Action                     || total
---------------------------++-------
  Melee: Unarmed           ||    19
         Punch             ||     1
   Stab: Sleeping          ||     1
 Armour: Animal skin       ||     5
  Dodge: Dodged            ||    12

Levels and vault maps discovered:
D:1:      dpeg_arrival_signposts, layout_rooms, shapermc_ecumenical_altar_gd,
          minmay_3d_cube

Notes
Turn   | Place    | Note
-------+----------+-------------------------------------------
     0 | D:1      | ytrimaz the Demonspawn Shapeshifter began the quest for the
                  | Orb.
     0 | D:1      | Reached XP level 1. HP: 15/15 MP: 1/1
     0 | D:1      | magus.rc [v1.9.6]
   170 | D:1      | HP: 2/15 [frozen (5)]
   172 | D:1      | Slain by an endoplasm

Vanquished Creatures
  A bat (D:1)
  An endoplasm (D:1)
  A goblin (D:1)
  A frilled lizard (D:1)
  A kobold (D:1)
  A rat (D:1)
6 creatures vanquished.

Table legend:
 A = Non-vault XP
 B = Vault XP
 C = Vault XP percentage of total XP
 D = Non-vault monster count
 E = Vault monster count
 F = Vault count percentage of total count
                 A         B        C        D         E       F
            +---------+---------+-------+---------+---------+-------
      Total |       7 |       2 |  22.2 |       5 |       1 |  16.7
            +---------+---------+-------+---------+---------+-------
        D:1 |       7 |       2 |  22.2 |       5 |       1 |  16.7
            +---------+---------+-------+---------+---------+-------

Action                     || total
---------------------------++-------
  Melee: Unarmed           ||    19
         Punch             ||     1
   Stab: Sleeping          ||     1
 Armour: Animal skin       ||     5
  Dodge: Dodged            ||    12

Illustrated notes

Table legend:
 A = Kills in this place as a percentage of kills in the entire game.
 B = Kills by you in this place as a percentage of kills by you in the entire game.
 C = Kills by friends in this place as a percentage of kills by friends in the entire game.
 D = Other kills in this place as a percentage of other kills in the entire game.
 E = Experience gained in this place as a percentage of experience gained in the entire game.
 F = Experience gained in this place divided by the number of levels of this place that you have seen.
                   A       B       C       D       E      F
               +-------+-------+-------+-------+-------+----------------------
         Total | 100.0 | 100.0 |   N/A |   N/A | 100.0 |   9.0
       Dungeon | 100.0 | 100.0 |   N/A |   N/A | 100.0 |   9.0
               +-------+-------+-------+-------+-------+----------------------

Table legend: (Time is in decaauts)
 A = Elapsed time spent in this place.
 B = Non-inter-level travel time spent in this place.
 C = Inter-level travel time spent in this place.
 D = Time resting spent in this place.
 E = Time spent auto-exploring this place.
 F = Levels seen in this place.
 G = Mean time per level.
                   A        B        C        D        E       F      G
               +--------+--------+--------+--------+--------+-----+--------+
         Total |    171 |    171 |      0 |      0 |    123 |   1 |  171.0 |
       Dungeon |    171 |    171 |      0 |      0 |    123 |   1 |  171.0 |
               +--------+--------+--------+--------+--------+-----+--------+

Top non-repeatable levels by time:
     D:1: 171 daAuts
